 Dungeon Crawl Stone Soup version 0.28.0-45-g0d030f2227 (webtiles) character file.

Game seed: 8117005817949379557

0 prikolics the Covert (level 1, -2/23 HPs)
             Began as a Gnoll Delver on Apr 18, 2022.
             Was an Initiate of Ashenzari.
             Slain by a hound (4 damage)
             ... on level 4 of the Dungeon.
             The game lasted 00:04:38 (334 turns).

prikolics the Covert (Gnoll Delver)                  Turns: 334, Time: 00:04:39

Health: -2/23      AC:  3    Str: 11    XL:     1   Next: 0%
Magic:  1/1        EV: 13    Int:  9    God:    Ashenzari [......]
Gold:   20         SH:  0    Dex: 13    Spells: 0/0 levels left

rFire   . . .      SeeInvis .   a - +0 spear
rCold   . . .      Faith    .   (no shield)
rNeg    . . .      Spirit   .   b - +0 leather armour
rPois   .          Reflect  .   (no helmet)
rElec   .          Harm     .   (no cloak)
rCorr   .          Rampage  .   (no gloves)
Will    .....                   (no boots)
Stlth   ++++......              (no amulet)
HPRegen 0.07/turn               (no ring)
MPRegen 0.07/turn               (no ring)

@: no status effects
A: fangs 1, strong nose, distributed training
a: Renounce Religion


You were on level 4 of the Dungeon.
You worshipped Ashenzari.
Ashenzari was noncommittal.
You visited 2 branches of the dungeon, and saw 4 of its levels.

You collected 20 gold pieces.

Inventory:

Hand Weapons
 a - a +0 spear (weapon)
Armour
 b - a +0 leather armour (worn)
Wands
 g - a wand of digging (3)


   Skills:
 + Level 6.4 Fighting
 + Level 0.0 Short Blades
 + Level 0.0 Long Blades
 + Level 0.0 Axes
 + Level 0.0 Maces & Flails
 + Level 4.4 Polearms
 + Level 0.0 Staves
 + Level 0.0 Slings
 + Level 0.0 Bows
 + Level 0.0 Crossbows
 + Level 0.0 Throwing
 + Level 0.0 Armour
 + Level 4.4 Dodging
 + Level 9.5 Stealth
 + Level 0.0 Shields
 + Level 0.0 Unarmed Combat
 + Level 0.0 Spellcasting
 + Level 0.0 Conjurations
 + Level 0.0 Hexes
 + Level 0.0 Summonings
 + Level 0.0 Necromancy
 + Level 0.0 Translocations
 + Level 0.0 Transmutations
 + Level 0.0 Fire Magic
 + Level 0.0 Ice Magic
 + Level 0.0 Air Magic
 + Level 0.0 Earth Magic
 + Level 0.0 Poison Magic
 + Level 0.0 Invocations
 + Level 0.0 Evocations


You couldn't memorise any spells.
You didn't know any spells.
Your spell library was empty.

Dungeon Overview and Level Annotations

Branches:
Dungeon (6/15)             Temple (1/1) D:5

Altars:
Ashenzari
Cheibriados
Elyvilon
Hepliaklqana
Makhleb
Trog
Vehumet
Xom
Zin


Innate Abilities, Weirdness & Mutations

You have very sharp teeth.
Your uncanny sense of smell can sniff out nearby items.
Your experience applies equally to all skills.


Message History

There is a bloodstained altar of Trog here.
There is a burning altar of Makhleb here.
There is a broken altar of Ashenzari here.
You kneel at the altar of Ashenzari.
Ashenzari welcomes you!
Ashenzari warns you of distant threats and treasures.
Ashenzari reveals the structure of the dungeon to you.
Ashenzari shows you where magical portals lie.
There is a burning altar of Makhleb here.
There is an open gate here.
There is a staircase back to the Dungeon here.
You start resting.
HP restored.
You climb upwards.
The hound completely misses you. The hound bites you.
There is a staircase to the Ecumenical Temple here.
The hound bites you. The hound misses you.
The hound bites you but does no damage.
There is an escape hatch in the ceiling here.
The hound bites you. A mysterious force pulls you upwards.
The hatch slams shut behind you. The hound closely misses you.
The hound misses you. The hound closely misses you. The hound bites you.
The hound stops to sniff the ground.
The hound bites you.
You hit the hound but do no damage. The hound bites you.
You closely miss the hound. The hound bites you.
You aren't carrying any scrolls.
You aren't carrying any potions.
You barely miss the hound. Your bite misses the hound. The hound bites you.
The hound completely misses you.
You barely miss the hound. The hound bites you.
* * * LOW HITPOINT WARNING * * *
The hound bites you but does no damage. The hound closely misses you.
The hound barely misses you. The hound bites you.
* * * LOW HITPOINT WARNING * * *
The hound bites you.
You die...

... .. .# ###.#
#.# #..## #.#
#...## #...# #
##...##..##.#
.###. ##.....#
#..#####......
#.....##
#..#.@..# .....##
#..h.### .....##
##.### ......##
#..# .......##
##..#
##......####...##
#.####..........#
#.
###.....##.....
#. #.....# .####


You could see a hound.

Vanquished Creatures (others)
  5 fungi (D:5)
5 creatures vanquished.

Notes
Turn   | Place    | Note
-------+----------+-------------------------------------------
     0 | D:5      | Reached skill level 9 in Stealth
     0 | D:5      | prikolics the Gnoll Delver began the quest for the Orb.
     0 | D:5      | Reached XP level 1. HP: 23/23 MP: 1/1
     8 | D:6      | Noticed a black bear
     8 | D:6      | Noticed an ogre
    25 | D:5      | Noticed an orc wizard
    26 | D:5      | Noticed a hound
    35 | D:5      | Noticed an iguana
    70 | D:6      | Noticed a hound
    81 | D:5      | Found a staircase to the Ecumenical Temple.
    88 | Temple   | Entered the Ecumenical Temple
   171 | Temple   | Became a worshipper of Ashenzari the Shackled
   331 | D:4      | HP: 1/23 [hound (3)]
   334 | D:4      | Slain by a hound

Illustrated notes

Levels and vault maps discovered:
D:4:      layout_layer_cave, nicolae_overflow_crystal_walls, uniq_menkaure
D:5:      layout_rooms, mainiacjoe_overflow_catch_the_wave,
          mainiacjoe_overflow_cross_hatched, minmay_temple_entry_trees,
          uniq_blork_the_orc
D:6:      layout_basic, uniq_edmund
Temple:   jpeg_temple_island

Skill      XL: | |
---------------+-+-----
Stealth        | |  9.5
Fighting       | |  6.4
Polearms       | |  4.4
Dodging        | |  4.4

Action                   || total
-------------------------++-------
Melee: Spear             ||     6
       Bite              ||     1
  Use: Scroll            ||     3
       Potion            ||     1
Armor: Leather armour    ||     2
Dodge: Dodged            ||    12
